 Dungeon Crawl Stone Soup version 0.28-a0-425-gd0eccab798 (webtiles) character file.

Game seed: 246262059583524606

1178341 freelancePsychic the Champion of Chaos (level 27, -5/198 HPs)
             Began as a Djinni Fire Elementalist on Sept 9, 2021.
             Was the Champion of Makhleb.
             Splashed by a caustic shrike's acid (9 damage)
             ... on level 7 of the Iron City of Dis.
             The game lasted 03:08:26 (57197 turns).

freelancePsychic the Champion of Chaos (DjFE)      Turns: 57197, Time: 03:08:27

Health: -5/198     AC:  6    Str: 14 (15) XL:     27
Gold:   5492       EV:  2    Int: 47      God:    Makhleb [******] SH:  0 Dex:  0 (14)

rFire   + + +      SeeInvis .   a - +3 Elemental Staff {rElec rF++ rC++ Will++ AC+5}
rCold   + + +      Faith    .   t - +5 kite shield {AC+3}
rNeg    + . .      Spirit   .   k - +2 robe of Vines {NoPotionHeal Regen+++}
rPois   ∞          Reflect  .   H - +2 hat {Int+3}
rElec   +          Harm     .   V - +5 cloak "Futiutz" {rC+}
rCorr   .          Rampage  .   U - +1 pair of gloves of Protective Custody {Fly Int+3}
Will    ++++.      Rnd*Tele +   (boots unavailable)
Stlth   ..........              T - amulet "Hoppu" {Regen+ Str+2 Slay+4}
HPRegen 4.43/turn               W - ring "Gukh" {rN+ Str+6 Int+6 Stlth-}
MPRegen 0.00/turn               S - ring "Ylakod" {Fly rC+++ Int+6 Dex+3 Stlth-}

@: corroded, flying, slowed, lost dexterity, studying Slings, very slow
A: sickness immunity, fire resistance 2, cold vulnerability 1, float, innate
caster, hp casting, extra vitality 1, clumsy 2, deterioration 1, frail 1,
mutation resistance 1, teleportitis 1, subdued magic 1, MP-powered wands
}: 12/15 runes: serpentine, barnacled, slimy, silver, golden, icy, abyssal,
demonic, glowing, magical, fiery, dark
a: Renounce Religion, Minor Destruction, Lesser Servant of Makhleb, Major
Destruction, Greater Servant of Makhleb


You were on level 7 of the Iron City of Dis.
You worshipped Makhleb.
Makhleb was exalted by your worship.
You visited 15 branches of the dungeon, and saw 71 of its levels.
You visited Pandemonium 1 time, and saw 24 of its levels.
You visited the Abyss 1 time.
You visited 2 bazaars.
You also visited: Gauntlet, Wizlab and Desolation.

You collected 13010 gold pieces.
You spent 7518 gold pieces at shops.

Inventory:

Hand Weapons
 a - the +3 Elemental Staff (weapon) {rElec rF++ rC++ Will++ AC+5}
   (You bought it in a shop on level 14 of the Dungeon)

   If the wielder is skilled in Evocations, they can discharge powerful blasts
   of elemental energy when striking with it.
   It enhances your fire, ice, earth and air magic.
   AC:        It affects your AC (+5).
   rF:        It greatly protects you from fire.
   rC:        It greatly protects you from cold.
   rElec:     It insulates you from electricity.
   Will:      It greatly increases your willpower.
 b - a +9 eudemon blade of holy wrath
Armour
 h - a +2 tower shield
 k - the +2 robe of Vines (worn) {NoPotionHeal Regen+++}
   (You took it off a deep elf death mage on level 3 of the Elven Halls)

   Its wearer cannot be healed by potions.
   Regen:     It increases your rate of health regeneration.
 t - a +5 kite shield of protection (worn)
 H - a +2 hat of intelligence (worn)
 U - the +1 pair of gloves of Protective Custody (worn) {Fly Int+3}
   (You bought it in a shop on level 2 of the Orcish Mines)

   Int:       It affects your intelligence (+3).
   Fly:       It grants you flight.
 V - the +5 cloak "Futiutz" (worn) {rC+}
   (You bought it in a shop in a bazaar)

   rC:        It protects you from cold.
Jewellery
 d - a ring of positive energy
 s - a +6 ring of strength
 v - the ring of the Gloaming {*Slow rPois MP+9 Str+3 Int+2}
   (You found it on level 3 of the Tomb of the Ancients)

   [ring of magical power]

   Str:       It affects your strength (+3).
   Int:       It affects your intelligence (+2).
   rPois:     It protects you from poison.
   MP:        It affects your magic capacity (+9).
   *Slow:     It may slow you when you take damage.
 A - the ring "Loeblil" {rF+ rC+}
   (You found it in the Desolation of Salt)

   [ring of protection from cold]

   rF:        It protects you from fire.
   rC:        It protects you from cold.
 K - an amulet of the acrobat
 S - the ring "Ylakod" (right hand) {Fly rC+++ Int+6 Dex+3 Stlth-}
   (You found it on level 5 of the Vaults)

   [ring of intelligence]

   Int:       It affects your intelligence (+6).
   Dex:       It affects your dexterity (+3).
   rC:        It renders you almost immune to cold.
   Fly:       It grants you flight.
   Stlth:     It makes you less stealthy.
 T - the amulet "Hoppu" (around neck) {Regen+ Str+2 Slay+4}
   (You took it off a deep elf zephyrmancer on level 3 of the Elven Halls)

   [amulet of regeneration]

   Str:       It affects your strength (+2).
   Slay:      It affects your accuracy & damage with ranged weapons and melee
   (+4).
   Regen:     It increases your rate of health regeneration.
 W - the ring "Gukh" (left hand) {rN+ Str+6 Int+6 Stlth-}
   (You acquired it on level 15 of the Dungeon)

   [ring of strength]

   Str:       It affects your strength (+6).
   Int:       It affects your intelligence (+6).
   rN:        It protects you from negative energy.
   Stlth:     It makes you less stealthy.
 X - a ring of fire
 Y - the ring of Wutrako {rF+ Will++ rCorr Str+2}
   (You found it in the Desolation of Salt)

   [ring of protection from fire]

   Str:       It affects your strength (+2).
   rF:        It protects you from fire.
   rCorr:     It protects you from acid and corrosion.
   Will:      It greatly increases your willpower.
 Z - the ring "Moel Ynu" {Wiz Int+3}
   (You found it on level 5 of the Pits of Slime)

   [ring of wizardry]

   It improves your spell success rate.
   Int:       It affects your intelligence (+3).
Wands
 c - a wand of acid (33)
 g - a wand of polymorph (65)
 l - a wand of mindburst (43)
 p - a wand of flame (187)
 y - a wand of paralysis (51)
 C - a wand of digging (18)
 I - a wand of iceblast (78)
Scrolls
 f - 2 scrolls of holy word
 j - 5 scrolls of fear
 q - 8 scrolls of blinking
 u - 7 scrolls of summoning
 w - 4 scrolls of enchant armour
 x - 6 scrolls of silence
 D - 2 scrolls of enchant weapon
 E - 10 scrolls of teleportation {@r4}
 J - 8 scrolls of immolation
 N - 3 scrolls of brand weapon
 P - 4 scrolls of fog
 R - 9 scrolls of vulnerability
Potions
 e - 13 potions of heal wounds {@q2}
 i - 6 potions of lignification
 m - 3 potions of ambrosia
 n - 7 potions of cancellation
 o - 7 potions of brilliance
 r - 25 potions of curing {@q1}
 z - 2 potions of invisibility
 B - a potion of mutation
 L - 6 potions of attraction
 M - 3 potions of might
 O - 2 potions of berserk rage
 Q - 2 potions of resistance
Miscellaneous
 F - a condenser vane
 G - a figurine of a ziggurat


   Skills:
 + Level 25.5 Fighting
 - Level 14.0 Long Blades
 - Level 12.0 Staves
 - Level 21.8 Dodging
 - Level 1.6 Stealth
 - Level 25.0 Shields
 + Level 25.8 Spellcasting
 O Level 27 Invocations
 - Level 16.2 Evocations


You couldn't memorise any spells.
You knew the following spells:

 Your Spells              Type           Power      Damage    Failure   Level
a - Starburst             Conj/Fire      75%        6d19      0%          6
b - Malign Gateway        Summ/Tloc      62%        N/A       0%          7
c - Haunt                 Necr/Summ      62%        N/A       0%          7
d - Shatter               Erth           75%        3d55*     1%          9
e - Flame Wave            Conj/Fire      100%       3d16      0%          4
f - Eringya's Noxious Bo  Tmut/Pois      62%        N/A       0%          6
g - Silence               Hex/Air        75%        N/A       0%          5
h - Swiftness             Air            100%       N/A       0%          3
i - Lesser Beckoning      Tloc           100%       N/A       0%          3
j - Ensorcelled Hibernat  Hex/Ice        100%       N/A       0%          2
k - Conjure Flame         Conj/Fire      100%       6-21      0%          3
l - Foxfire               Conj/Fire      100%       2x1d9     0%          1
m - Freeze                Ice            100%       1d11      0%          1
n - Scorch                Fire           100%       2d10      0%          2
o - Storm Form            Tmut/Air       75%        N/A       0%          7
p - Inner Flame           Hex/Fire       100%       N/A       0%          3
q - Disjunction           Tloc           62%        N/A       0%          8
r - Summon Mana Viper     Hex/Summ       100%       N/A       0%          5
Your spell library was empty.

Dungeon Overview and Level Annotations

Branches:
Dungeon (15/15)            Temple (1/1) D:5            Lair (6/6) D:9
 Shoals (4/4) Lair:2        Snake (4/4) Lair:3        Slime (5/5) Lair:5
    Orc (2/2) D:11            Elf (3/3) Orc:2        Vaults (5/5) D:13
  Crypt (3/3) Vaults:3       Tomb (3/3) Crypt:3      Depths (5/5) D:15
   Hell (visited)             Dis (7/7) Hell            Geh (0/7) Hell
    Coc (7/7) Hell            Tar (0/7) Hell            Zot (0/5) Depths:5
 WizLab (visited)         Desolation (visited)      Gauntlet (visited)

Altars:
Ashenzari
Cheibriados
Dithmenos
Elyvilon
Fedhas
Gozag
Hepliaklqana
Kikubaaqudgha
Makhleb
Nemelex Xobeh
Okawaru
Qazlal
Ru
Sif Muna
Trog
Uskayaw
Vehumet
Wu Jian
Xom
Yredelemnul
Zin
The Shining One
Beogh

Shops:
D:1 (   D:2 ?   D:4 *::   D:5 :   D:11 (   D:14 *[   D:15 (   Orc:2 :*[?
Elf:2 *   Shoals:4 [   Snake:1 :==   Snake:3 [*(   Vaults:1 =?   Vaults:2 ?

Portals:
Hell: Depths:1 Depths:3 Depths:4
Abyss: Depths:2
Pandemonium: Depths:3 Depths:4
Ziggurat: Depths:1

Annotations:
Snake:3 1 runed translucent door, robertstho's ghost, adept MiBe


Innate Abilities, Weirdness & Mutations

You are immune to sickness and miasma.
You are immune to poison.
Your flesh is very heat resistant. (rF++)
You are vulnerable to cold. (rC-)
You float through the air rather than walking.
You learn spells naturally, not from books.
Your magical power is your life essence.
You have superior vitality. (+4 HP)
You are very clumsy. (Dex -4)
Your body sometimes deteriorates upon taking damage.
You are frail. (-10% HP)
You are somewhat resistant to further mutation.
You are occasionally teleported next to monsters.
Your spells are a little easier to cast, but a little less powerful.
You expend health (3 HP) to strengthen your wands.


Message History

You are yanked forward by the harpoon shot.
A quicksilver elemental comes into view.
The iron giant gestures at you while chanting.
The iron shot hits you!!
Casting: Shatter (mildly dangerous; 1% risk of failure)
Confirm with . or Enter, or press ? or * to list all spells.
You feel a surge of power!
The dungeon rumbles!
The iron giant is heavily wounded.
The iron golem is severely damaged.
The caustic shrike is moderately wounded.
The quicksilver elemental is almost destroyed.
Ka-crash!
You hear a shout! x2; You hear a screech!
You hear a shout!
The iron giant hits you with a +0 giant club!!
An iron dragon comes into view.
Casting: Shatter (mildly dangerous; 1% risk of failure)
Confirm with . or Enter, or press ? or * to list all spells.
You feel a surge of power!
The dungeon rumbles!
The caustic shrike is heavily wounded.
The iron giant is almost dead.
You destroy the iron golem!
Makhleb accepts your kill.
You feel better.
You destroy the quicksilver elemental!
Makhleb accepts your kill.
You feel better.
The iron dragon is heavily wounded.
Ka-crash!
You hear a screech!
The caustic shrike claws you but does no damage.
The caustic shrike claws you!! The acid corrodes you!
You are splashed with acid!
* * * LOW HITPOINT WARNING * * *
The iron giant hits you with a +0 giant club!!
* * * LOW HITPOINT WARNING * * *
The caustic shrike claws you!!
* * * LOW HITPOINT WARNING * * *
Your body deteriorates!
You feel weakened.
You are splashed with acid!
You die...

,,,,,,,,,,,,,,,,,,*#..........#*.
,,,,,,,,,....D....###.........##.
,,,,,,,,,..........##..........#*
,,,,,,,,,..........##...........*
,****,,,,..........##........).#*
*******,,,,....................#*
*,,,,***,,,,,.......##.........##
,,,,,,******+*#C....###......)..#
,8,,8,,**,,,,,#.@....#.....#.#..#
,,,,,,,,+,,,,,#..b...##...#.....#
,,,,,,,,*,,,,.#..)))...#.....#..#
,,,,,,,,*****.†.........)..$$#..#
,,,,,,,,,,**,..).......#....##..#
,8,,8,,,,,**........†..#)........
,,,,,,8,,,,#.........†...........
,****,,,,,,#...........#.........
**,,***,,,,,*#...................


You could see an iron giant, an iron dragon and a caustic shrike.

Vanquished Creatures
  Cerebov (Pan)
  Antaeus (Coc:7)
  the Royal Jelly (Slime:5)
  Gloorx Vloq (Pan)
  Mnoleg (Pan)
  A dread lich (Dis:2)
  3 ancient liches
  7 juggernauts
  Sojobo (Crypt:2)
  25 royal mummies
  18 shard shrikes
  Bai Suzhen (Crypt:2)
  19 caustic shrikes
  Saint Roka (Orc:2)
  3 golden dragons
  7 pandemonium lords (Pan)
  2 profane servitors
  Jory (Tomb:1)
  the Enchantress (Depths:5)
  5 bone dragons
  5 iron giants
  2 Brimstone Fiends (Pan)
  A shard shrike zombie (Crypt:1)
  A pearl dragon (Pan)
  A hellephant (Hell)
  5 tentacled monstrosities
  8 Hell Sentinels
  A shard shrike skeleton (Abyss:5)
  Rupert (Orc:2)
  25 Ice Fiends
  2 quicksilver dragons
  16 titans
  6 liches
  2 deep elf master archers (Elf:3)
  3 deep elf blademasters (Elf:3)
  17 acid blobs
  10 tentacled starspawn
  23 Executioners
  9 sphinxes
  29 ancient champions
  4 daevas
  7 tengu reavers
  A storm dragon (Vaults:5)
  2 shadow dragons
  Kirke (D:13)
  Donald (Vaults:1)
  4 revenants
  10 narguns
  7 nagarajas (Snake:4)
  11 iron dragons
  10 rockslimes
  9 azure jellies
  3 imperial myrmidons (Desolation)
  3 deep elf sorcerers
  A draconian shifter (Depths:5)
  10 quicksilver elementals
  9 frost giants
  2 warmongers (Pan)
  17 angels
  17 balrugs
  6 spectral caustic shrikes (Depths:1)
  5 fire giants
  11 shard shrike simulacra
  16 cacodemons
  17 vault wardens
  3 corrupters (Pan)
  3 curse skulls
  A caustic shrike zombie (Crypt:3)
  27 very ugly things
  6 ghouls
  7 deep elf elementalists (Elf:3)
  2 draconian annihilators (Pan)
  A draconian stormcaller (Depths:5)
  3 spriggan defenders (Depths:5)
  17 ironbound preservers
  5 quicksilver oozes (Slime:5)
  17 reapers
  37 war gargoyles
  5 black suns (Pan)
  10 blood saints
  21 stone giants
  6 ophanim
  A bennu (Tomb:1)
  20 wendigos
  9 deep elf demonologists
  3 vampire knights (Crypt:1)
  8 apis (Pan)
  22 starcursed masses
  23 elemental wellsprings
  7 lorocyprocas
  6 yellow draconians
  5 dire elephants
  A minotaur (Gauntlet)
  2 black draconians (Depths:5)
  4 merfolk javelineers (Shoals:4)
  9 deep elf annihilators
  14 iron golems
  3 spark wasps (Depths:2)
  A crystal guardian (Vaults:4)
  20 blizzard demons
  2 halazid warlocks (Desolation)
  17 ettins
  The ghost of heikuro the Carver, a journeyman FoFi of Nemelex Xobeh (D:12)
  9 deep elf death magi
  18 green deaths
  A quicksilver dragon zombie (Crypt:1)
  Josephine (Orc:2)
  4 merfolk impalers
  7 eidola (Crypt:3)
  23 mummy priests
  12 yaktaur captains
  4 fire dragons
  A deep elf high priest (Vaults:5)
  8 jiangshi
  9 hydras
  14 great orbs of eyes
  23 naga warriors
  Harold (D:8)
  14 ice dragons
  8 ironbound thunderhulks
  10 rakshasas
  5 ragged hierophants (Desolation)
  8 peacekeepers
  8 boulder beetles
  5 servants of whispers
  4 ironbound frosthearts
  12 juggernaut simulacra
  42 vault guards
  9 caustic shrike simulacra
  8 spriggan air magi
  5 monstrous demonspawn (Pan)
  An anaconda (shapeshifter) (Depths:3)
  3 hell beasts
  Erica (D:11)
  A catoblepas (Abyss:5)
  A merfolk avatar (Shoals:1)
  2 ogre magi
  5 satyrs
  An alligator snapping turtle (Shoals:3)
  5 death yaks
  7 two-headed ogres
  8 dancing weapons
  7 anacondas
  An alligator (Lair:6)
  15 centaur warriors
  2 fenstrider witch skeletons
  58 death scarabs (Tomb:3)
  3 death knights
  6 deep troll shamans
  12 deep troll earth magi
  A tengu warrior (Depths:2)
  6 vampire magi
  6 merfolk aquamancers
  8 naga sharpshooters
  9 hell hogs
  2 titan zombies
  9 thrashing horrors
  11 ironbound beastmasters
  10 shock serpents
  5 orc high priests
  Sonja (Lair:1)
  12 hell knights
  4 spriggan berserkers
  33 soul eaters
  8 deep elf knights
  43 sun demons
  2 storm dragon zombies
  2 titan skeletons
  16 wretched stars
  10 crystal echidnas
  13 iron trolls
  31 sixfirhies
  29 skeletal warriors
  A fire crab (Abyss:5)
  2 death drakes (Depths:2)
  6 shadow wraiths (Pan)
  6 cherubim
  2 spatial maelstroms
  2 sea snakes (Shoals:4)
  A swamp dragon (Abyss:5)
  A bunyip zombie (Crypt:1)
  9 torturous demonspawn (Pan)
  5 quicksilver dragon simulacra
  8 flayed ghosts
  4 anaconda zombies (Hell)
  8 infernal demonspawn (Pan)
  An orange crystal statue (D:11)
  21 ironbound convokers
  A tengu zombie (Vaults:1)
  6 gelid demonspawn (Pan)
  5 glowing orange brains
  5 naga ritualists
  52 deep trolls
  12 shadow demons
  Pikel (D:6)
  12 lindwurms
  28 harpies
  2 anaconda skeletons
  13 wizards
  19 deep elf zephyrmancers
  45 large abominations
  23 deep elf pyromancers
  A wolf spider (Lair:6)
  8 deep elf archers
  23 phantasmal warriors
  6 necromancers
  A wolf spider (shapeshifter) (D:15)
  An iron dragon zombie (Crypt:3)
  An oklob plant (Orc:1)
  A stone giant zombie (Tomb:1)
  10 mana vipers
  8 orc knights
  A frost giant zombie (Crypt:1)
  4 cyclopes
  10 fauns
  6 orc sorcerers
  A salamander (Snake:2)
  5 tengu skeletons
  55 ugly things
  A toenail golem (Abyss:5)
  10 manticores
  7 merfolk sirens
  8 worldbinders
  Maurice (D:10)
  2 stone giant skeletons (Vaults:3)
  A guardian serpent (shapeshifter) (Vaults:5)
  15 naga magi
  7 titan simulacra
  30 black mambas
  6 spriggan zombies
  10 rust devils
  20 vault sentinels
  3 ice statues
  An eye of devastation (Slime:5)
  4 water nymphs
  5 apocalypse crabs
  52 smoke demons
  A dire elephant skeleton (Pan)
  2 fire giant skeletons (Vaults:3)
  8 guardian serpents
  A torpor snail (Lair:3)
  17 cane toads
  A torpor snail (shapeshifter) (Vaults:5)
  24 orange demons
  3 molten gargoyles (Hell)
  A storm dragon simulacrum (Coc:1)
  3 kobold demonologists
  A spriggan skeleton (Pan)
  16 hellions
  4 unseen horrors
  2 minotaur zombies (Gauntlet)
  3 naga skeletons
  A rime drake (shapeshifter) (Vaults:5)
  4 demonic crawlers
  7 rime drakes
  2 sea snake zombies (Hell)
  15 yaktaurs
  2 alligator snapping turtle skeletons
  21 tormentors
  15 freezing wraiths
  7 komodo dragons
  A bunyip simulacrum (Coc:1)
  An ice devil (Abyss:1)
  2 efreet (Pan)
  An emperor scorpion zombie (Crypt:1)
  39 guardian mummies
  2 tengu conjurers
  5 iron giant simulacra
  23 hellwings
  6 anaconda simulacra
  2 golden dragon simulacra
  6 red devils
  5 ancient zymes
  11 polar bears
  A hydra zombie (Crypt:3)
  3 harpy zombies
  A jumping spider (shapeshifter) (Abyss:4)
  A tyrant leech (Gauntlet)
  20 merfolk
  A shadow dragon simulacrum (Coc:1)
  14 wind drakes
  10 trolls
  2 wind drakes (shapeshifter)
  Prince Ribbit (D:5)
  38 saltlings
  7 hornets
  16 raiju
  5 iron dragon simulacra
  7 snapping turtles
  86 slime creatures
  4 stone giant simulacra
  A meliai zombie (Crypt:2)
  10 dream sheep
  5 air elementals
  2 centaur simulacra
  28 blink frogs
  29 flying skulls
  2 shadows
  7 spriggan simulacra
  24 ynoxinuls
  An ettin skeleton (Pan)
  5 spriggans
  An alligator skeleton (Hell)
  4 redbacks (Lair:6)
  8 dire elephant simulacra
  A spriggan (shapeshifter) (Vaults:5)
  14 ushabtiu
  3 vampires
  36 yaks
  11 wraiths
  A fire elemental (Elf:3)
  12 water elementals
  7 fire bats
  8 golden eyes
  Grum (D:9)
  11 wyverns
  5 hogs (D:13)
  An alligator snapping turtle simulacrum (Coc:3)
  A black mamba skeleton (Crypt:2)
  3 basilisks
  22 chaos spawn
  A steam dragon (D:9)
  6 vampire mosquitoes
  A sea snake simulacrum (Hell)
  3 swamp worms (Gauntlet)
  Menkaure (D:5)
  40 neqoxecs
  15 harpy simulacra
  9 wargs
  47 nagas
  2 hydra simulacra
  27 water moccasins
  2 acid dragons (D:9)
  A floating eye (shapeshifter) (Vaults:5)
  7 hell hounds
  An ice beast (D:8)
  A swamp dragon zombie (Crypt:2)
  11 black bears
  2 sky beasts
  3 swamp drakes (Lair:3)
  54 orc warriors
  A two-headed ogre skeleton (Pan)
  A lindwurm zombie (Crypt:2)
  8 ettin simulacra
  An ice dragon simulacrum (Coc:1)
  13 necrophages
  7 boggarts
  5 centaurs
  A hog zombie (Crypt:1)
  15 wolves
  17 ogres
  A lemure (D:6)
  2 phantoms
  12 kobold brigands
  13 small abominations
  An earth elemental (Elf:1)
  6 bullfrogs
  2 gnoll sergeants
  An elf zombie (Crypt:1)
  5 human skeletons
  A monstrous demonspawn simulacrum (Hell)
  3 naga simulacra
  A scorpion (D:6)
  A water moccasin zombie (D:5)
  7 wyvern skeletons (Crypt:3)
  A human simulacrum (Vaults:1)
  11 killer bees
  4 wights
  An electric eel (D:10)
  6 howler monkeys
  6 centaur zombies
  A quasit (Abyss:4)
  An iron imp (Abyss:4)
  2 jellies
  2 gnoll shamans
  12 hounds
  28 orc priests
  4 centaur skeletons
  2 bullfrog skeletons (D:5)
  3 iguanas
  18 orc wizards
  A sky beast zombie (Crypt:2)
  A felid zombie (Crypt:1)
  3 naga zombies
  55 mummies
  4 howler monkey zombies
  8 adders
  7 gnolls
  3 white imps
  5 ufetubi
  4 adder skeletons
  2 dart slugs
  116 orcs
  4 endoplasms
  3 giant cockroaches
  A gnoll zombie (Crypt:1)
  5 goblins
  5 hobgoblins
  2 jackals (D:2)
  21 kobolds
  5 quokkas
  5 ball pythons
  2 bats (D:1)
  2 frilled lizards
  2 rats (D:3)
  2 bushes
  19 plants
  4 starspawn tentacles (Abyss:5)
  A withered plant (Crypt:3)
3608 creatures vanquished.

Vanquished Creatures (collateral kills)
  Mennas (Pan)
  A pandemonium lord (Pan)
  2 caustic shrikes (Dis:7)
  Geryon (Hell)
  A Hellbinder (WizLab)
  A bone dragon (Crypt:1)
  A Brimstone Fiend (Pan)
  The ghost of robertstho the Eclecticist, an adept DjFE of Gozag (Elf:1)
  A titan (Vaults:5)
  A sphinx (shapeshifter) (Vaults:5)
  The ghost of Pouserri the Thaumaturge, an adept GnIE of Sif Muna (Elf:1)
  3 storm dragons (Vaults:5)
  The ghost of Apteoram the Destroyer, an adept DgFE (Elf:1)
  A rockslime (Slime:1)
  2 nagarajas (Snake:4)
  A deep elf sorcerer (Elf:3)
  5 balrugs
  4 cacodemons (Pan)
  2 ironbound preservers (Vaults:5)
  A reaper (Pan)
  A very ugly thing (Vaults:5)
  A lorocyproca (WizLab)
  A bennu (Crypt:3)
  A deep elf annihilator (Elf:3)
  2 ettins (Vaults:5)
  A blizzard demon (WizLab)
  A deep elf death mage (Elf:3)
  An eidolon (Crypt:3)
  A crystal guardian (Desolation)
  The ghost of Yqeill the Nimble, a journeyman DjFE of Makhleb (Orc:1)
  2 yaktaur captains
  A naga warrior (Snake:4)
  2 salamander tyrants
  A vault guard (Vaults:2)
  2 death knights (Crypt:3)
  2 ironbound frosthearts
  A satyr (Shoals:4)
  6 dancing weapons
  A shock serpent (shapeshifter) (Vaults:5)
  A deep elf knight (Elf:3)
  4 sun demons
  2 hell knights (Vaults:5)
  A soul eater (Pan)
  A flayed ghost (Vaults:5)
  A skeletal warrior (Crypt:3)
  2 salamander mystics
  A sixfirhy (WizLab)
  A deep troll (Vaults:4)
  A phantasmal warrior (Crypt:3)
  A deep elf archer (Elf:2)
  2 wizards (Vaults:4)
  A deep elf zephyrmancer (Elf:1)
  2 harpies (Shoals:4)
  An ironbound convoker (Vaults:4)
  A deep elf pyromancer (Elf:2)
  An ugly thing (Vaults:4)
  3 shining eyes
  A mana viper (Snake:1)
  A faun (Shoals:4)
  A manticore (Shoals:4)
  7 salamanders
  A black mamba (Snake:3)
  A guardian serpent (Snake:4)
  A vault sentinel (Vaults:4)
  3 rust devils (WizLab)
  2 orange demons (Pan)
  3 efreet
  4 yaktaurs (Vaults:4)
  A freezing wraith (Crypt:3)
  A red devil (Pan)
  A hellwing (WizLab)
  A polar bear (Lair:6)
  2 raiju (Lair:6)
  A slime creature (Vaults:4)
  2 saltlings (Desolation)
  An ushabti (Crypt:3)
  A neqoxec (WizLab)
  3 water moccasins (Lair:3)
  13 hell hounds (Lair:6)
  A black bear (Lair:6)
  A necrophage (Crypt:3)
  4 wolves (Lair:6)
  2 earth elementals (Elf:2)
  A wyvern skeleton (Crypt:3)
  A lava snake (D:10)
  A mummy (Crypt:3)
  An endoplasm (D:4)
  3 foxfires
155 creatures vanquished.

Vanquished Creatures (others)
  A caustic shrike (Dis:7)
  41 eldritch tentacles
  A fire giant (Vaults:5)
  A shard shrike simulacrum (Coc:7)
  A deep elf death mage (Elf:3)
  A blizzard demon (WizLab)
  A rakshasa (Pan)
  A salamander tyrant (Snake:4)
  An anaconda (Snake:4)
  A soul eater (Pan)
  2 salamander mystics (Snake:4)
  A deep troll (Vaults:4)
  A naga ritualist (Snake:3)
  3 deep elf zephyrmancers
  An ironbound convoker (Vaults:5)
  A mana viper (Snake:1)
  6 salamanders
  A kobold demonologist (D:13)
  A yaktaur (Vaults:4)
  A ynoxinul (Pan)
  4 nagas
  An orc priest (Orc:2)
  An orc (Elf:3)
  A kobold (D:13)
  3 ball lightnings (Pan)
  440 foxfires
  42 fungi
  291 plants
  6 starspawn tentacles (Abyss:5)
  19 withered plants
876 creatures vanquished.

Grand Total: 4639 creatures vanquished

Notes
Turn   | Place    | Note
-------+----------+-------------------------------------------
     0 | D:1      | freelancePsychic the Djinni Fire Elementalist began the
                  | quest for the Orb.
     0 | D:1      | Reached XP level 1. HP: 15/15 MP: 0/0
    96 | D:1      | Found Teilov's Weapon Boutique.
   384 | D:1      | Reached XP level 2. HP: 15/22 MP: 0/0
   969 | D:1      | Reached skill level 1 in Fighting
  1579 | D:2      | Reached XP level 3. HP: 25/27 MP: 0/0
  1579 | D:2      | Learned a level 1 spell: Freeze
  1621 | D:2      | Found Kiusuiwa's Magic Scroll Emporium.
  1973 | D:2      | Found a faded altar of an unknown god.
  3055 | D:3      | Reached XP level 4. HP: 26/32 MP: 0/0
  3800 | D:4      | Reached skill level 1 in Shields
  4124 | D:4      | Found Coomeish's Assorted Antiques.
  4129 | D:4      | Reached XP level 5. HP: 28/38 MP: 0/0
  4129 | D:4      | Learned a level 2 spell: Ensorcelled Hibernation
  4227 | D:4      | Found Qiseq's Book Boutique.
  5230 | D:4      | Found Tiups's Book Shoppe.
  5296 | D:5      | Entered Level 5 of the Dungeon
  5322 | D:5      | Reached XP level 6. HP: 25/45 MP: 0/0
  5673 | D:5      | Reached XP level 7. HP: 19/50 MP: 0/0
  5673 | D:5      | Learned a level 3 spell: Swiftness
  5997 | D:5      | Noticed Menkaure
  6020 | D:5      | Killed Menkaure
  6154 | D:5      | Reached skill level 5 in Spellcasting
  6227 | D:5      | Found a staircase to the Ecumenical Temple.
  6241 | D:5      | Noticed Prince Ribbit
  6447 | D:5      | Reached XP level 8. HP: 47/58 MP: 0/0
  6978 | Temple   | Entered the Ecumenical Temple
  7038 | Temple   | Became a worshipper of Makhleb the Destroyer
  7057 | D:5      | Killed Prince Ribbit
  7125 | D:5      | Found Riddiuma's Book Emporium.
  7649 | D:6      | Noticed a shadow
  7657 | D:6      | Killed a shadow
  7658 | D:6      | Reached skill level 5 in Fighting
  7658 | D:6      | Reached XP level 9. HP: 49/65 MP: 0/0
  7658 | D:6      | Learned a level 3 spell: Lesser Beckoning
  7849 | D:6      | Noticed Pikel
  7851 | D:6      | Killed Pikel
  8815 | D:7      | Reached * piety under Makhleb
  8820 | D:7      | Noticed a kobold demonologist
  8825 | D:7      | Killed a kobold demonologist
  8832 | D:7      | Reached XP level 10. HP: 43/73 MP: 0/0
  9880 | D:7      | Identified a scroll of acquirement
  9880 | D:7      | Acquired 715 gold pieces
 10602 | D:8      | Noticed Harold
 10622 | D:8      | Killed Harold
 10824 | D:8      | Reached ** piety under Makhleb
 11275 | D:9      | Noticed a two-headed ogre
 11281 | D:9      | Killed a two-headed ogre
 11282 | D:9      | Reached XP level 11. HP: 82/82 MP: 0/0
 11282 | D:9      | Learned a level 5 spell: Silence
 11461 | D:9      | Reached skill level 10 in Spellcasting
 11575 | D:9      | Noticed Grum
 11586 | D:9      | Killed Grum
 11617 | D:9      | Found a staircase to the Lair.
 12302 | D:9      | Noticed a skeletal warrior
 12361 | Lair:1   | Entered Level 1 of the Lair of Beasts
 12847 | Lair:1   | Reached *** piety under Makhleb
 13131 | Lair:1   | Noticed Sonja
 13137 | Lair:1   | Killed Sonja
 13138 | Lair:1   | Reached skill level 10 in Fighting
 13488 | Lair:2   | Reached XP level 12. HP: 76/91 MP: 0/0
 13848 | Lair:2   | Found a staircase to the Shoals.
 13874 | Lair:2   | Noticed a five-headed hydra
 13884 | Lair:2   | Reached skill level 5 in Dodging
 13886 | Lair:2   | Killed a five-headed hydra
 14040 | Lair:2   | Reached **** piety under Makhleb
 14546 | Lair:3   | Reached XP level 13. HP: 99/99 MP: 0/0
 14546 | Lair:3   | Learned a level 5 spell: Summon Mana Viper
 14634 | Lair:3   | Found a gate leading to a gauntlet.
 14643 | Gauntlet | Entered a Gauntlet
 14643 | Gauntlet | Found a transporter.
 14643 | Gauntlet | Found a transporter.
 14644 | Gauntlet | Found a transporter.
 14647 | Gauntlet | Found a transporter.
 14647 | Gauntlet | Found a transporter.
 14659 | Gauntlet | Found a transporter.
 14661 | Gauntlet | Found a transporter.
 14670 | Gauntlet | Noticed an entropy weaver
 14671 | Gauntlet | Found a transporter.
 14761 | Gauntlet | Found a transporter.
 14775 | Gauntlet | Found a transporter.
 14779 | Gauntlet | Found a transporter.
 14789 | Gauntlet | Found a transporter.
 14973 | Gauntlet | Identified the +1 hat of the Arcane {rF+ rC- rN+++ rCorr}
 14993 | Gauntlet | Noticed a minotaur
 15004 | Gauntlet | Killed a minotaur
 15192 | Lair:3   | Found a staircase to the Snake Pit.
 15625 | Lair:3   | Noticed a four-headed hydra
 15629 | Lair:3   | Killed a four-headed hydra
 15659 | Lair:3   | Reached ***** piety under Makhleb
 15731 | Lair:3   | Noticed an eight-headed hydra
 15737 | Lair:3   | Killed an eight-headed hydra
 16965 | Lair:5   | Reached XP level 14. HP: 107/107 MP: 0/0
 17286 | Lair:5   | Found a staircase to the Slime Pits.
 17596 | Lair:6   | Entered Level 6 of the Lair of Beasts
 18091 | Lair:6   | Reached skill level 5 in Shields
 18354 | Lair:6   | Reached ****** piety under Makhleb
 18919 | Lair:6   | Reached XP level 15. HP: 114/114 MP: 0/0
 18919 | Lair:6   | Learned a level 6 spell: Starburst
 19729 | D:10     | Entered Level 10 of the Dungeon
 19979 | D:10     | Noticed Maurice
 19984 | D:10     | Killed Maurice
 20307 | D:11     | Found a staircase to the Orcish Mines.
 20308 | D:11     | Found Tiluozos's Weapon Shoppe.
 20353 | Orc:1    | Entered Level 1 of the Orcish Mines
 20766 | Orc:1    | Found a runed translucent gate.
 20766 | Orc:1    | Found a runed translucent gate.
 20766 | Orc:1    | Found a runed translucent gate.
 20767 | Orc:1    | Found an opulent altar of Gozag.
 20767 | Orc:1    | Noticed Yqeill's ghost (journeyman DjFE)
 20920 | Orc:1    | Killed Yqeill's ghost
 20921 | Orc:1    | Reached skill level 15 in Spellcasting
 20952 | Orc:2    | Entered Level 2 of the Orcish Mines
 21090 | Orc:2    | Noticed Josephine
 21094 | Orc:2    | Killed Josephine
 21149 | Orc:2    | Reached skill level 10 in Shields
 21459 | Orc:2    | Noticed Rupert
 21470 | Orc:2    | Killed Rupert
 21535 | Orc:2    | Found a staircase to the Elven Halls.
 21594 | Orc:2    | Reached XP level 16. HP: 87/122 MP: 0/0
 21609 | Orc:2    | Noticed Saint Roka
 21620 | Orc:2    | Killed Saint Roka
 21771 | Orc:2    | Found Guerghac's Magic Scroll Shoppe.
 21854 | Orc:2    | Found Xepeoges's Antique Armour Boutique.
 22255 | Orc:2    | Found Soen's General Store.
 22292 | Orc:2    | Found Eliage's Book Shoppe.
 22401 | Orc:2    | Bought a pair of transparent gloves for 209 gold pieces
 22401 | Orc:2    | Identified the +1 pair of gloves of Protective Custody {Fly
                  | Int+3} (You bought it in a shop on level 2 of the Orcish
                  | Mines)
 22401 | Orc:2    | Bought a polished ring mail for 198 gold pieces
 22401 | Orc:2    | Identified the +4 ring mail of Levity {rElec rC+ rN+ Dex+4}
                  | (You bought it in a shop on level 2 of the Orcish Mines)
 22401 | Orc:2    | Bought a scorched ring mail for 198 gold pieces
 22401 | Orc:2    | Identified the +4 ring mail of Peek-a-Boo {+Blink rPois
                  | Regen+ Int-2} (You bought it in a shop on level 2 of the
                  | Orcish Mines)
 22550 | Orc:2    | Bought a scroll of blinking for 97 gold pieces
 22550 | Orc:2    | Bought a scroll of magic mapping for 45 gold pieces
 22550 | Orc:2    | Bought a scroll of blinking for 97 gold pieces
 22550 | Orc:2    | Bought a scroll of magic mapping for 45 gold pieces
 22550 | Orc:2    | Bought a scroll of teleportation for 39 gold pieces
 22550 | Orc:2    | Bought a scroll of identify for 26 gold pieces
 22551 | Orc:2    | Bought a scroll of identify for 26 gold pieces
 22551 | Orc:2    | Bought a scroll of identify for 26 gold pieces
 22551 | Orc:2    | Bought a scroll of identify for 26 gold pieces
 22610 | Orc:2    | Bought a potion of haste for 110 gold pieces
 22793 | D:2      | Bought a scroll of blinking for 105 gold pieces
 22793 | D:2      | Bought a scroll of blinking for 105 gold pieces
 22793 | D:2      | Bought a scroll of blinking for 105 gold pieces
 22793 | D:2      | Bought a scroll of enchant armour for 105 gold pieces
 22793 | D:2      | Bought 2 scrolls of identify for 56 gold pieces
 22793 | D:2      | Bought a scroll of identify for 28 gold pieces
 22793 | D:2      | Bought 3 scrolls of identify for 84 gold pieces
 22793 | D:2      | Bought a scroll of immolation for 49 gold pieces
 22793 | D:2      | Bought a scroll of immolation for 49 gold pieces
 23081 | D:11     | Noticed Erica
 23085 | D:11     | Killed Erica
 23609 | D:12     | Found a runed translucent door.
 23609 | D:12     | Noticed heikuro's ghost (journeyman FoFi)
 23624 | D:12     | Killed heikuro's ghost
 23734 | D:12     | Found an iron altar of Okawaru.
 23879 | D:12     | Acquired a manual of Shields
 24420 | D:13     | Noticed Kirke
 24428 | D:13     | Killed Kirke
 24458 | D:13     | Reached skill level 15 in Fighting
 24722 | D:13     | Reached XP level 17. HP: 129/131 MP: 0/0
 24722 | D:13     | Learned a level 6 spell: Eringya's Noxious Bog
 24902 | D:13     | Found a gate to the Vaults.
 25194 | D:14     | Found Tudowuck's Antique Armour Shop.
 25272 | D:14     | Found Daock's Assorted Antiques.
 25280 | D:14     | Bought a scroll of blinking for 165 gold pieces
 25645 | D:15     | Entered Level 15 of the Dungeon
 25833 | D:15     | Found a staircase to the Depths.
 26109 | D:15     | Found Pifroj's Weapon Emporium.
 26647 | Snake:1  | Entered Level 1 of the Snake Pit
 26668 | Snake:1  | Reached skill level 15 in Shields
 26731 | Snake:1  | Found Fosebbuu's Jewellery Shop.
 26754 | Snake:1  | Found Koajant's Book Shoppe.
 26755 | Snake:1  | Found Mieck's Jewellery Shop.
 26968 | Snake:1  | Identified the +6 hand axe of Ashenzari's Hope {speed,
                  | Str+6 Int-4}
 27420 | Snake:1  | Reached XP level 18. HP: 118/139 MP: 0/0
 27711 | D:14     | Bought the +3 Elemental Staff {rElec rF++ rC++ Will++ AC+5}
                  | for 2087 gold pieces
 27711 | D:14     | Found the +3 Elemental Staff {rElec rF++ rC++ Will++ AC+5}
 27712 | D:14     | Acquired the ring "Gukh" {rN+ Str+6 Int+6 Stlth-}
 27960 | Snake:2  | Reached skill level 1 in Evocations
 27973 | Snake:2  | Reached skill level 1 in Staves
 28672 | Snake:3  | Found Qeoptu's Assorted Antiques.
 28779 | Snake:3  | Reached skill level 5 in Evocations
 28794 | Snake:3  | Reached skill level 5 in Staves
 28806 | Snake:3  | Found Qeamyla's Antique Armour Boutique.
 29121 | Snake:3  | Found Cubif's Antique Weapon Emporium.
 29249 | Snake:3  | Found a runed translucent door.
 29391 | Snake:3  | Noticed robertstho's ghost (adept MiBe)
 29426 | Snake:4  | Entered Level 4 of the Snake Pit
 30203 | Snake:4  | Reached XP level 19. HP: 145/145 MP: 0/0
 30203 | Snake:4  | Learned a level 7 spell: Malign Gateway
 30406 | Snake:4  | Got a serpentine rune of Zot
 30842 | Elf:1    | Entered Level 1 of the Elven Halls
 30977 | Elf:1    | Found a runed translucent gate.
 30977 | Elf:1    | Found a runed translucent gate.
 30981 | Elf:1    | Found a runed translucent gate.
 30984 | Elf:1    | Noticed Apteoram's ghost (adept DgFE)
 30984 | Elf:1    | Noticed Pouserri's ghost (adept GnIE)
 30984 | Elf:1    | Noticed robertstho's ghost (adept DjFE)
 31202 | Elf:1    | Identified the +9 hand axe of Calamity {venom, +Rage}
 31824 | Elf:2    | Found a crumbling gateway.
 31833 | Desolati | Entered the Desolation of Salt
 31873 | Desolati | Reached skill level 10 in Evocations
 31948 | Desolati | Identified the ring "Loeblil" {rF+ rC+}
 31949 | Desolati | Identified the ring of Wutrako {rF+ Will++ rCorr Str+2}
 32095 | Desolati | Reached XP level 20. HP: 122/151 MP: 0/0
 32411 | Elf:2    | Paralysed by an air elemental for 1 turns
 32428 | Elf:2    | Found Onennekh's Assorted Antiques.
 32676 | Elf:3    | Entered Level 3 of the Elven Halls
 32700 | Elf:3    | Found a magical portal.
 32705 | WizLab   | Entered The Hall of the Hellbinder
 32715 | WizLab   | Gained mutation: Your spells are a little easier to cast,
                  | but a little less powerful. [a neqoxec]
 32716 | WizLab   | Reached skill level 10 in Staves
 32907 | WizLab   | Found a burning altar of Makhleb.
 32908 | WizLab   | Noticed Cuzeics
 32924 | WizLab   | Killed Cuzeics the Hellbinder
 32957 | WizLab   | Identified the +7 great sword "Sikkadde" {speed, *Rage
                  | Will- rCorr Dex+7}
 32959 | WizLab   | Identified the +1 short sword of the Slime-mould {drain,
                  | Str+4 Dex+2 Stlth+}
 33007 | WizLab   | Identified the +0 cloak "Orilaom" {rElec}
 33108 | Elf:3    | Found a flickering gateway to a bazaar.
 33114 | Bazaar   | Entered a bazaar
 33116 | Bazaar   | Found Qara's Assorted Antiques.
 33120 | Bazaar   | Bought a translucent cloak for 171 gold pieces
 33120 | Bazaar   | Identified the +5 cloak "Futiutz" {rC+} (You bought it in a
                  | shop in a bazaar)
 33134 | Bazaar   | Found Capn's Assorted Antiques.
 33134 | Bazaar   | Found Foprycen's Book Boutique.
 33135 | Bazaar   | Found Eneowaum's Weapon Boutique.
 33623 | Elf:3    | Identified the +4 falchion of the Boar {freeze, rPois
                  | Will+}
 33626 | Elf:3    | Noticed a Tzitzimitl
 33631 | Elf:3    | Noticed an Ice Fiend
 33678 | Elf:3    | Reached XP level 21. HP: 142/152 MP: 0/0
 33678 | Elf:3    | Learned a level 7 spell: Storm Form
 33718 | Elf:3    | Noticed a Tzitzimitl
 33718 | Elf:3    | Identified the +6 scythe "Paybah" {freeze, Stlth+}
 33718 | Elf:3    | Identified the amulet "Jiob" {Acrobat rC++ Dex-3}
 33926 | Elf:3    | Identified the amulet "Hoppu" {Regen+ Str+2 Slay+4}
 33992 | Elf:3    | Identified the +6 scale mail of Eternal Vigilance {rPois
                  | Will+ Str-2}
 34415 | Elf:1    | Killed Apteoram's ghost
 34422 | Elf:1    | Killed Pouserri's ghost
 34430 | Elf:1    | Killed robertstho's ghost
 34680 | Shoals:1 | Entered Level 1 of the Shoals
 34680 | Shoals:1 | Found a flickering gateway to a bazaar.
 34711 | Bazaar   | Entered a bazaar
 34731 | Bazaar   | Found Urriug Uluo's Jewellery Emporium.
 34747 | Bazaar   | Found Maxyjom's Armour Emporium.
 34769 | Bazaar   | Found Leodioho's Magic Scroll Emporium.
 34774 | Bazaar   | Bought a scroll of blinking for 97 gold pieces
 34774 | Bazaar   | Bought a scroll of enchant armour for 97 gold pieces
 34809 | Bazaar   | Bought a +2 kite shield of protection for 258 gold pieces
 35456 | Shoals:4 | Entered Level 4 of the Shoals
 35637 | Shoals:4 | Reached XP level 22. HP: 164/164 MP: 0/0
 35684 | Shoals:4 | Identified the ring "Lenez" {rPois rN+ Will+}
 35850 | Shoals:4 | Reached skill level 15 in Evocations
 35868 | Shoals:4 | Identified the +8 glaive of Patterns {pain, +Rage rPois
                  | rF-}
 35904 | Shoals:4 | Found Adwuack's Armour Emporium.
 36016 | Shoals:4 | Got a barnacled rune of Zot
 36202 | Vaults:1 | Entered Level 1 of the Vaults
 36986 | Vaults:1 | Found Tebavap's Magic Scroll Emporium.
 36990 | Vaults:1 | Bought a scroll of enchant armour for 135 gold pieces
 37003 | Vaults:1 | Found Batwesk's Jewellery Boutique.
 37205 | Vaults:1 | Noticed Donald
 37211 | Vaults:1 | Killed Donald
 37565 | Vaults:2 | Identified the +4 long sword of Tenacity {flame, Dex+4}
 37770 | Vaults:2 | Reached XP level 23. HP: 171/178 MP: 0/0
 37770 | Vaults:2 | Learned a level 7 spell: Haunt
 38099 | Vaults:2 | Found Sipiesu's Magic Scroll Boutique.
 39501 | Vaults:3 | Found a staircase to the Crypt.
 39514 | Crypt:1  | Entered Level 1 of the Crypt
 39517 | Crypt:1  | Reached skill level 10 in Dodging
 39525 | Crypt:1  | Acquired a +2 hat of intelligence
 39821 | Crypt:1  | Found a basalt altar of Yredelemnul.
 39821 | Crypt:1  | Noticed a profane servitor
 39828 | Crypt:1  | Killed a profane servitor
 39829 | Crypt:1  | Reached XP level 24. HP: 128/188 MP: 0/0
 40397 | Crypt:2  | Noticed Sojobo
 40409 | Crypt:2  | Paralysed by something for 1 turns
 40413 | Crypt:2  | Killed Sojobo
 40519 | Crypt:2  | Noticed Bai Suzhen
 40527 | Crypt:2  | Killed Bai Suzhen
 40861 | Crypt:3  | Entered Level 3 of the Crypt
 41231 | Crypt:3  | Found a staircase to the Tomb.
 41711 | Crypt:3  | Found a basalt altar of Yredelemnul.
 41925 | Crypt:3  | Found the ring of the Octopus King
 41948 | Crypt:3  | Identified a ring of the Octopus King {rF+ AC+1 EV+1 Str+1
                  | Int+1 Dex+1}
 42693 | Vaults:4 | Reached XP level 25. HP: 194/194 MP: 0/0
 42693 | Vaults:4 | Learned a level 8 spell: Disjunction
 42746 | Vaults:4 | Identified the +11 dagger of Edyc Yte {vorpal, *Rage rElec
                  | Will+++ Str+4}
 43229 | Vaults:4 | Reached skill level 15 in Dodging
 43770 | Vaults:5 | Entered Level 5 of the Vaults
 44008 | Vaults:5 | Reached XP level 26. HP: 179/201 MP: 0/0
 44315 | Vaults:5 | Identified the ring "Ylakod" {Fly rC+++ Int+6 Dex+3 Stlth-}
 44441 | Vaults:5 | Found the +3 giant club "Skullcrusher" {speed, Str+7}
 44762 | Vaults:5 | Identified the +5 morningstar of Floods {vorpal, rPois rF+
                  | Will+}
 45195 | Vaults:5 | Got a silver rune of Zot
 45562 | Slime:1  | Entered Level 1 of the Pits of Slime
 45567 | Slime:1  | Gained mutation: You are frail. (-10% HP) [a shining eye]
 45587 | Lair:5   | Lost mutation: Your spells are a little easier to cast, but
                  | a little less powerful. [potion of mutation]
 45587 | Lair:5   | Lost mutation: You are frail. (-10% HP) [potion of
                  | mutation]
 45587 | Lair:5   | Gained mutation: You are occasionally teleported next to
                  | monsters. [potion of mutation]
 45587 | Lair:5   | Gained mutation: You are clumsy. (Dex -2) [potion of
                  | mutation]
 45588 | Lair:5   | Lost mutation: You are clumsy. (Dex -2) [potion of
                  | mutation]
 45588 | Lair:5   | Lost mutation: You are occasionally teleported next to
                  | monsters. [potion of mutation]
 45588 | Lair:5   | Gained mutation: You are dopey. (Int -2) [potion of
                  | mutation]
 45678 | Slime:5  | Entered Level 5 of the Pits of Slime
 45748 | Slime:5  | Reached XP level 27. HP: 204/206 MP: 0/0
 45748 | Slime:5  | Learned a level 9 spell: Shatter
 45752 | Slime:5  | Noticed the Royal Jelly
 45762 | Slime:5  | Killed the Royal Jelly
 45779 | Slime:5  | Identified the +2 rapier of Courage {pain, rElec rPois
                  | Str-3 Dex+2}
 45813 | Slime:5  | Identified the +7 dagger "Jieclol" {vorpal, Dex+7 Stlth-}
 45822 | Slime:5  | Got a slimy rune of Zot
 45823 | Slime:5  | Identified the ring "Moel Ynu" {Wiz Int+3}
 45833 | Slime:5  | Identified the amulet of the Catamount {Reflect rCorr MP+9
                  | Dex+2 Slay-5 SH+5}
 45858 | Slime:5  | Identified the +5 falchion of the Desert {speed, rF+++
                  | Will+ Str-3}
 46110 | Snake:1  | Bought a manual of Dodging for 1360 gold pieces
 46382 | Depths:1 | Entered Level 1 of the Depths
 46382 | Depths:1 | Found a sparkling altar of Nemelex Xobeh.
 46529 | Depths:1 | Found a gateway to Hell.
 46574 | Hell     | Entered the Vestibule of Hell
 46585 | Hell     | Noticed Geryon
 46659 | Hell     | Killed Geryon
 46688 | Hell     | Found a gateway to the freezing wastes of Cocytus.
 46803 | Depths:2 | Noticed a juggernaut
 46806 | Depths:2 | Killed a juggernaut
 46831 | Depths:2 | Gained mutation: Your spells are a little easier to cast,
                  | but a little less powerful. [mutagenic glow]
 46878 | Depths:2 | Noticed a juggernaut
 46879 | Depths:2 | Noticed a juggernaut
 46881 | Depths:2 | Noticed a juggernaut
 46883 | Depths:2 | Killed a juggernaut
 46883 | Depths:2 | Killed a juggernaut
 46884 | Depths:2 | Killed a juggernaut
 46969 | Depths:3 | Found a glowing golden altar of the Shining One.
 47108 | Depths:3 | Found a one-way gate leading to the halls of Pandemonium.
 47369 | Depths:5 | Entered Level 5 of the Depths
 47373 | Depths:5 | Reached skill level 1 in Long Blades
 47435 | Depths:5 | Noticed the Enchantress
 47438 | Depths:5 | Killed the Enchantress
 47492 | Depths:5 | Found a gate to the Realm of Zot.
 47891 | D:5      | Bought a manual of Long Blades for 960 gold pieces
 48190 | Pan      | Entered Pandemonium
 48210 | Pan      | Noticed Biamyotoi the pandemonium lord
 48213 | Pan      | Reached skill level 5 in Long Blades
 48217 | Pan      | Gained mutation: You are occasionally teleported next to
                  | monsters. [a neqoxec]
 48225 | Pan      | Killed Biamyotoi the pandemonium lord
 48299 | Pan      | Gained mutation: You sometimes lose the ability to read
                  | scrolls when taking damage. [a cacodemon]
 48301 | Pan      | Noticed Zyutal the pandemonium lord
 48308 | Pan      | Killed Zyutal the pandemonium lord
 48371 | Pan      | Noticed Mennas
 48400 | Pan      | Killed Mennas
 48425 | Pan      | Noticed Jacray the pandemonium lord
 48427 | Pan      | Killed Jacray the pandemonium lord
 48441 | Pan      | Identified the +7 quarterstaff of Fixation {vorpal, MP+9
                  | Str+3}
 48506 | Pan      | Noticed Ziraimn the pandemonium lord
 48515 | Pan      | Killed Ziraimn the pandemonium lord
 48598 | Pan      | Noticed Miyrch the pandemonium lord
 48601 | Pan      | Killed Miyrch the pandemonium lord
 48602 | Pan      | Reached skill level 10 in Long Blades
 48893 | Pan      | Noticed Extijenn the pandemonium lord
 48902 | Pan      | Killed Extijenn the pandemonium lord
 49136 | Pan      | Lost mutation: You sometimes lose the ability to read
                  | scrolls when taking damage. [potion of mutation]
 49136 | Pan      | Lost mutation: Your spells are a little easier to cast, but
                  | a little less powerful. [potion of mutation]
 49136 | Pan      | Gained mutation: Armour fits poorly on your strangely
                  | shaped body. [potion of mutation]
 49207 | Pan      | Noticed Hifutus the pandemonium lord
 49342 | Pan      | Entered the realm of Cerebov.
 49417 | Pan      | Identified the +10 flail of the Spider {speed, Will+}
 49498 | Pan      | Found the +6 sword of Cerebov {flame}
 49498 | Pan      | Noticed Cerebov
 49617 | Pan      | Identified the ring of Cedered {Str+6 Int+6 Dex-3}
 49641 | Pan      | Killed Cerebov
 49644 | Pan      | Got a fiery rune of Zot
 49704 | Pan      | Entered the realm of Gloorx Vloq.
 49827 | Pan      | Noticed Gloorx Vloq
 49894 | Pan      | Killed Gloorx Vloq
 49932 | Pan      | Got a dark rune of Zot
 49993 | Pan      | Noticed Tueceep the pandemonium lord
 49997 | Pan      | Killed Tueceep the pandemonium lord
 50028 | Pan      | Lost mutation: You are dopey. (Int -2) [potion of mutation]
 50028 | Pan      | Gained mutation: You are weak. (Str -2) [potion of
                  | mutation]
 50028 | Pan      | Gained mutation: You possess an exceptional clarity of
                  | mind. [potion of mutation]
 50028 | Pan      | Gained mutation: You are somewhat resistant to further
                  | mutation. [potion of mutation]
 50181 | Pan      | Identified the +1 fire dragon scales "Cusunnim" {rPois rF++
                  | rC- Will- Dex-5 Stlth+}
 50272 | Pan      | Found a glowing golden altar of the Shining One.
 50272 | Pan      | Noticed a seraph
 50273 | Pan      | Got a demonic rune of Zot
 50327 | Pan      | Found a white marble altar of Elyvilon.
 50450 | Pan      | Found an exit through the horrors of the Abyss.
 50779 | Pan      | Entered the realm of Mnoleg.
 50786 | Pan      | Noticed Mnoleg
 50808 | Pan      | Killed Mnoleg
 50809 | Pan      | Gained mutation: You do not regenerate when monsters are
                  | visible. [a cacodemon]
 50921 | Pan      | Got a glowing rune of Zot
 51026 | Pan      | Noticed Jepuidd the pandemonium lord
 51093 | Pan      | Noticed Baycwe Mose the pandemonium lord
 51094 | Pan      | Killed Baycwe Mose the pandemonium lord
 51099 | Pan      | Lost mutation: You possess an exceptional clarity of mind.
                  | [a cacodemon]
 51132 | Pan      | Entered the realm of Lom Lobon.
 51292 | Pan      | Noticed Lom Lobon
 51304 | Pan      | Got a magical rune of Zot
 51326 | Depths:3 | Escaped Pandemonium
 51650 | D:4      | Bought a potion of mutation for 160 gold pieces
 51650 | D:4      | Bought a potion of haste for 200 gold pieces
 51650 | D:4      | Lost mutation: You are weak. (Str -2) [potion of mutation]
 51650 | D:4      | Lost mutation: Armour fits poorly on your strangely shaped
                  | body. [potion of mutation]
 51650 | D:4      | Lost mutation: You do not regenerate when monsters are
                  | visible. [potion of mutation]
 51650 | D:4      | Gained mutation: You are clumsy. (Dex -2) [potion of
                  | mutation]
 51953 | Depths:1 | Found a broken altar of Ashenzari.
 51988 | Depths:1 | Found a gateway to a ziggurat.
 52492 | Depths:2 | Found a basalt altar of Yredelemnul.
 52507 | Depths:2 | Found a one-way gate to the infinite horrors of the Abyss.
 52517 | Depths:2 | Voluntarily entered the Abyss.
 52540 | Abyss:1  | Found a corrupted altar of Lugonu.
 52589 | Abyss:2  | Found a corrupted altar of Lugonu.
 52647 | Abyss:3  | Found a glowing golden altar of the Shining One.
 52686 | Abyss:3  | Acquired a manual of Invocations
 52796 | Abyss:4  | Paralysed by an air elemental for 1 turns
 52891 | Abyss:4  | Noticed an ancient lich
 52893 | Abyss:4  | Killed an ancient lich
 53031 | Abyss:5  | Entered Level 5 of the Abyss
 53252 | Abyss:5  | Got an abyssal rune of Zot
 53289 | Abyss:5  | Noticed an ancient lich
 53292 | Abyss:5  | Killed an ancient lich
 53295 | Depths:2 | Escaped the Abyss
 53707 | Tomb:1   | Entered Level 1 of the Tomb of the Ancients
 53707 | Tomb:1   | Noticed Jory
 53709 | Tomb:1   | Killed Jory
 53734 | Tomb:1   | Noticed a royal mummy
 53735 | Tomb:1   | Noticed a royal mummy
 53736 | Tomb:1   | Killed a royal mummy
 53737 | Tomb:1   | Killed a royal mummy
 53750 | Tomb:1   | Noticed a royal mummy
 53753 | Tomb:1   | Killed a royal mummy
 53754 | Tomb:1   | Noticed a royal mummy
 53759 | Tomb:1   | Killed a royal mummy
 53900 | Tomb:1   | Noticed a royal mummy
 53905 | Tomb:1   | Killed a royal mummy
 53992 | Tomb:1   | Noticed a royal mummy
 53995 | Tomb:1   | Killed a royal mummy
 54023 | Tomb:1   | Noticed a royal mummy
 54025 | Tomb:1   | Killed a royal mummy
 54035 | Tomb:1   | Noticed a royal mummy
 54036 | Tomb:1   | Noticed a royal mummy
 54038 | Tomb:1   | Killed a royal mummy
 54039 | Tomb:1   | Killed a royal mummy
 54115 | Tomb:1   | Noticed a royal mummy
 54120 | Tomb:1   | Killed a royal mummy
 54178 | Tomb:1   | Noticed a royal mummy
 54181 | Tomb:1   | Killed a royal mummy
 54324 | Tomb:1   | Noticed a royal mummy
 54326 | Tomb:1   | Killed a royal mummy
 54378 | Tomb:2   | Noticed a royal mummy
 54378 | Tomb:2   | Noticed a royal mummy
 54381 | Tomb:2   | Noticed a royal mummy
 54382 | Tomb:2   | Killed a royal mummy
 54382 | Tomb:2   | Killed a royal mummy
 54383 | Tomb:2   | Noticed a royal mummy
 54384 | Tomb:2   | Killed a royal mummy
 54385 | Tomb:2   | Killed a royal mummy
 54619 | Tomb:3   | Entered Level 3 of the Tomb of the Ancients
 54648 | Tomb:3   | Noticed a royal mummy
 54650 | Tomb:3   | Killed a royal mummy
 54651 | Tomb:3   | Noticed a royal mummy
 54653 | Tomb:3   | Noticed a royal mummy
 54653 | Tomb:3   | Noticed a royal mummy
 54654 | Tomb:3   | Killed a royal mummy
 54655 | Tomb:3   | Killed a royal mummy
 54656 | Tomb:3   | Killed a royal mummy
 54665 | Tomb:3   | Reached skill level 3 in Invocations
 54667 | Tomb:3   | Reached skill level 4 in Invocations
 54671 | Tomb:3   | Reached skill level 5 in Invocations
 54673 | Tomb:3   | Reached skill level 6 in Invocations
 54706 | Tomb:3   | Noticed a royal mummy
 54710 | Tomb:3   | Killed a royal mummy
 54710 | Tomb:3   | Noticed a royal mummy
 54711 | Tomb:3   | Reached skill level 8 in Invocations
 54712 | Tomb:3   | Killed a royal mummy
 54712 | Tomb:3   | Noticed a royal mummy
 54713 | Tomb:3   | Reached skill level 9 in Invocations
 54713 | Tomb:3   | Noticed a royal mummy
 54716 | Tomb:3   | Killed a royal mummy
 54717 | Tomb:3   | Reached skill level 10 in Invocations
 54717 | Tomb:3   | Killed a royal mummy
 54718 | Tomb:3   | Reached skill level 11 in Invocations
 54718 | Tomb:3   | Noticed a royal mummy
 54721 | Tomb:3   | Killed a royal mummy
 54834 | Tomb:3   | Identified the ring of the Gloaming {*Slow rPois MP+9 Str+3
                  | Int+2}
 54939 | Tomb:3   | Identified the +2 trident "Foxijogo" {flame, rN+}
 54943 | Tomb:3   | Identified the +1 ring mail "Aterackoz" {+Inv rC+ Regen+
                  | Int-4}
 54976 | Tomb:3   | Got a golden rune of Zot
 55455 | Hell     | Reached skill level 12 in Invocations
 55478 | Hell     | Found a gateway to the decaying netherworld of Tartarus.
 55528 | Coc:1    | Entered Level 1 of Cocytus
 55529 | Coc:1    | Noticed a shard shrike
 55529 | Coc:1    | Noticed a shard shrike
 55529 | Coc:1    | Noticed a shard shrike
 55531 | Coc:1    | Noticed a shard shrike
 55534 | Hell     | Killed a shard shrike
 55551 | Hell     | Found a gateway to the ashen valley of Gehenna.
 55566 | Hell     | Reached skill level 13 in Invocations
 55612 | Coc:1    | Killed a shard shrike
 55614 | Coc:1    | Killed a shard shrike
 55615 | Coc:1    | Reached skill level 14 in Invocations
 55616 | Coc:1    | Killed a shard shrike
 55714 | Coc:3    | Reached skill level 15 in Invocations
 55735 | Coc:3    | Gained mutation: Your spells are a little easier to cast,
                  | but a little less powerful. [mutagenic glow]
 55737 | Coc:3    | Paralysed by a wendigo for 1 turns
 55754 | Coc:3    | Gained mutation: You expend health (3 HP) to strengthen
                  | your wands. [mutagenic glow]
 55774 | Coc:3    | Gained mutation: You are frail. (-10% HP) [mutagenic glow]
 55779 | Coc:4    | Paralysed by a wendigo for 1 turns
 55781 | Coc:4    | Reached skill level 16 in Invocations
 55794 | Coc:4    | Noticed a shard shrike
 55797 | Coc:4    | Killed a shard shrike
 55802 | Coc:4    | Noticed a shard shrike
 55804 | Coc:4    | Noticed a shard shrike
 55805 | Coc:4    | Noticed a shard shrike
 55807 | Coc:4    | Killed a shard shrike
 55808 | Coc:4    | Killed a shard shrike
 55808 | Coc:4    | Noticed a shard shrike
 55809 | Coc:4    | Killed a shard shrike
 55810 | Coc:4    | Reached skill level 17 in Invocations
 55812 | Coc:4    | Killed a shard shrike
 55830 | Coc:4    | Gained mutation: You are very clumsy. (Dex -4) [mutagenic
                  | glow]
 55964 | Coc:6    | Noticed a shard shrike
 55964 | Coc:6    | Noticed a shard shrike
 55964 | Coc:6    | Noticed a shard shrike
 55968 | Coc:6    | Killed a shard shrike
 55969 | Coc:6    | Reached skill level 18 in Invocations
 55969 | Coc:6    | Killed a shard shrike
 55972 | Coc:6    | Killed a shard shrike
 56059 | Coc:7    | Entered Level 7 of Cocytus
 56066 | Coc:7    | Noticed a shard shrike
 56066 | Coc:7    | Noticed a shard shrike
 56070 | Coc:7    | Killed a shard shrike
 56072 | Coc:7    | Killed a shard shrike
 56083 | Coc:7    | Reached skill level 19 in Invocations
 56138 | Coc:7    | Noticed a shard shrike
 56142 | Coc:7    | Killed a shard shrike
 56181 | Coc:7    | Reached skill level 20 in Invocations
 56212 | Coc:7    | Noticed a shard shrike
 56292 | Coc:7    | Killed a shard shrike
 56327 | Coc:7    | Reached skill level 21 in Invocations
 56329 | Coc:7    | Noticed a shard shrike
 56333 | Coc:7    | Killed a shard shrike
 56360 | Coc:7    | Paralysed by a wendigo for 1 turns
 56382 | Coc:7    | Noticed a shard shrike
 56388 | Coc:7    | Killed a shard shrike
 56422 | Coc:7    | Noticed Antaeus
 56427 | Coc:7    | Paralysed by a wendigo for 1 turns
 56431 | Coc:7    | Got an icy rune of Zot
 56458 | Coc:7    | Killed Antaeus
 56459 | Coc:7    | Reached skill level 22 in Invocations
 56740 | Hell     | Found a gateway to the Iron City of Dis.
 56751 | Dis:1    | Entered Level 1 of the Iron City of Dis
 56770 | Dis:1    | Gained mutation: Your body sometimes deteriorates upon
                  | taking damage. [mutagenic glow]
 56810 | Dis:1    | You are sucked into a shaft and drop 1 floor!
 56812 | Dis:2    | Noticed a dread lich
 56814 | Dis:2    | Killed a dread lich
 56822 | Dis:2    | Reached skill level 23 in Invocations
 56845 | Dis:4    | Noticed an ancient lich
 56847 | Dis:4    | Killed an ancient lich
 56875 | Dis:5    | Reached skill level 24 in Invocations
 56937 | Dis:7    | Entered Level 7 of the Iron City of Dis
 56954 | Dis:7    | Reached skill level 25 in Invocations
 56985 | Dis:7    | Noticed a juggernaut
 56988 | Dis:7    | Killed a juggernaut
 57024 | Dis:7    | Noticed a juggernaut
 57026 | Dis:7    | Killed a juggernaut
 57034 | Dis:7    | Reached skill level 26 in Invocations
 57130 | Dis:7    | Noticed a juggernaut
 57133 | Dis:7    | Killed a juggernaut
 57154 | Dis:7    | Reached skill level 27 in Invocations
 57159 | Dis:7    | Lost dexterity.
 57197 | Dis:7    | HP: 4/198 [caustic shrike (33)]
 57197 | Dis:7    | Splashed by a caustic shrike's acid

Illustrated notes

Levels and vault maps discovered:
D:1:      scummos_arrival_hexagon, layout_loops_ring, serial_shops,
          nicolae_shop_stone, nrook_uturn, bh_walls_and_bars
D:2:      layout_loops_cross, chequers_ecumenical_altar_simple, serial_shops,
          shop
D:3:      layout_loops_ring
D:4:      layout_loops_ring, serial_shops, nicolae_shop_trees,
          nicolae_shop_competitors_out_of_business, shop, st_stairs_14
D:5:      layout_basic, minmay_temple_entry_enclosed_plants, serial_shops,
          kennysheep_mini_moat, uniq_prince_ribbit1, uniq_menkaure
D:6:      minmay_spotlight, layout_loops_ring, uniq_pikel
D:7:      layout_rooms, minmay_misc_feat_enclosed
D:8:      layout_basic, uniq_harold
D:9:      minmay_chambers_of_sixes, layout_long_grid, erik_lair_island,
          minivault_24, uniq_grum
D:10:     layout_rooms, kiku_gazebo_pond_becter, nicolae_lava_and_water,
          minmay_sticks_and_stones, uniq_maurice
D:11:     minmay_s_stair_smasher, layout_rooms, orc_david_3, minivault_16,
          uniq_erica
D:12:     layout_cave_pools, hellmonk_ghost_big_iron, serial_co_window_serial,
          co_window_of_opportunity_a, co_window_of_opportunity_a,
          co_window_paths_a, co_window_paths_a, co_window_paths_b,
          co_window_corner_ca, co_window_of_opportunity_b,
          co_window_unsneaky_path_b, co_window_4corner_b, co_window_paths_e,
          glass_columns_b, glass_columns_b, okawaru_gym_becter
D:13:     layout_small_grid, erik_vaults_2, uniq_kirke
D:14:     layout_long_grid, moated_statue, serial_shops, nicolae_square_shop,
          shop, special_room [special_room_orc]
D:15:     gammafunk_enter_depths_forms, layout_basic, minmay_fountain_box,
          serial_shops, shop
Temple:   dpeg_three_leaves_temple
Lair:1:   layout_chaotic_city, chequers_serial_rivers_micro_e,
          chequers_serial_rivers_micro_b, infiniplex_staircase_pool,
          grunt_megastairs_4, uniq_sonja
Lair:2:   layout_cave_pods, minmay_shoals_entry_centaurs, lemuel_fruit_fields
Lair:3:   layout_cave_pods, minmay_snake_entry_six_corridors,
          gauntlet_entry_generic, pond
Lair:4:   layout_gridlike
Lair:5:   layout_loops_ring, dpeg_slime_entry_corner
Lair:6:   hangedman_lair_caniforms_friends, layout_regular_city,
          hangedman_lair_tendril_chambers
Shoals:1: layout_shoals, serial_shops, bzr_entry_lakeside
Shoals:2: cheibrodos_shoals_satyrical_garden, layout_shoals
Shoals:3: layout_shoals
Shoals:4: shoals_end_grunt_garden, layout_shoals, shoals_ilsuiw_ice,
          serial_shops, nicolae_shop_behind_doors,
          nicolae_shoals_cliffside_cave, uniq_louise
Snake:1:  layout_grid_maze, nicolae_snake_mages_go_home, minmay_shop_grove
Snake:2:  layout_rooms, grunt_megastairs_1
Snake:3:  layout_concentric_octagons, serial_shops, shop, nicolae_stop_n_shop_1,
          nicolae_take_the_stairs, ebering_ghost_inner_flame
Snake:4:  grunt_snake_rune_spirals, layout_onion, special_room
Slime:1:  layout_caves
Slime:2:  layout_caves, nicolae_slime_barrier
Slime:3:  layout_caves, cheibrodos_slime_lost_civilization_5
Slime:4:  layout_caves
Slime:5
Orc:1:    layout_diamond_mine, ebering_ghost_gozag, mines3_lemuel
Orc:2:    pubby_orc_utopia, uniq_rupert, uniq_josephine
Elf:1:    elf_arrival_001, layout_loops_cross, gammafunk_ghost_cemetery,
          minmay_elf_sorcery, solitary_fountain
Elf:2:    elven_hall_of_blades_hangedman_original
          [nicolae_blade_entry_splitting_headache], layout_loops_ring,
          portal_desolation_entry_nicolae_nacl, serial_shops,
          nicolae_diamond_shop
Elf:3:    elf_hall, layout_rooms, serial_shops, bzr_entry_safe,
          mu_enter_wizlab_1, minivault_26, drop_trap, guppyfry_elf_garden
Vaults:1: hangedman_vaults_stitches, vaults_mumra_chevron_long,
          nicolae_vaults_yaktaur_gun_rack, nicolae_vaults_network_square,
          nicolae_vaults_little_squares_6, grunt_vaults_funnel,
          st_smaller_cells, nicolae_vaults_little_squares_1,
          vaults_dpeg_encased_lava, nicolae_vaults_windows_and_doors_thing,
          vaults_room_door_hall, nicolae_vaults_circle_grid_b,
          grunt_vaults_hallway_short, ontoclasm_vaults_loading_screen,
          nicolae_vaults_ring_of_whatevers, layout_vaults_maze, serial_shops,
          nicolae_shop_waterfront, shop, uniq_donald
Vaults:2: v_misc_13, vaults_room_hangedman_quadrants,
          nicolae_vaults_shelves_hall, v_pattern_5, v_misc_17, v_misc_27,
          vaults_dpeg_hooks, nicolae_vaults_little_squares_6,
          layout_vaults_quadrants, serial_shops, nicolae_shop_crystal
Vaults:3: minmay_crypt_entry_skeletal_spiral, grunt_vaults_hallway_long,
          v_misc_9, v_rooms_3, vaults_room_door_hall, nicolae_vaults_arrows,
          nicolae_vaults_little_squares_3, v_misc_15, hangedman_vaults_slither,
          vaults_room_grid, nicolae_vaults_three_branches,
          ontoclasm_vaults_gateway, vaults_dpeg_ring, ontoclasm_vaults_shuriken,
          layout_vaults_omnibox, serial_shops, shop
Vaults:4: hangedman_vaults_unwind, grunt_vaults_funneled_arena,
          nicolae_vaults_little_ls, hangedman_vaults_trim,
          nicolae_vaults_inception_corners, v_misc_27, hangedman_vaults_nodes,
          v_alt_pattern_6, v_alt_pattern_1, v_misc_16, v_misc_25,
          vaults_room_stairs_pillars, nicolae_vaults_gold_heap,
          nicolae_vaults_theta, layout_vaults_big_cross
Vaults:5
Crypt:1:  gammafunk_crypt_yreds_forest, layout_rooms
Crypt:2:  layout_catacombs, minmay_strange_pillars, uniq_saint_roka,
          uniq_bai_suzhen, uniq_sojobo
Crypt:3:  evilmike_haunted_forest
Tomb:1:   uniq_jory
Tomb:2
Tomb:3
Depths:1: layout_twisted_cross, enter_ziggurat_c, serial_glass, glass_columns_a,
          glass_columns_b, nicolae_ashenzari_skybound, pf_hell_entry_tar_river,
          small_chamber_with_monster, nemelex_xobeh_ov_fountains_minmay
Depths:2: lemuel_castle_with_subvaults [lemuel_castle_interior_carwin_1],
          layout_cave_pools, pf_vacation_house_of_asmodeus,
          nicolae_abyss_entry_one_way_or_another, yredelemnul_altar_generic,
          nicolae_wooded_promenade, kennysheep_generic_room_10,
          infiniplex_staircase_9_rooms
Depths:3: kennysheep_scales, layout_gridlike, hell_entry,
          rand_demon_pan_entry_8, lemuel_tele_altar,
          ebering_ghost_reflecting_pool, chequers_serial_rivers_marsh,
          serial_bayou_shore_a, infiniplex_staircase_zigzag_2
Depths:4: evilmike_silver_temple, layout_honeycomb, hangedman_abyss_entry_splay,
          hell_entry, minmay_misc_feat_rows, grunt_pan_entry_spiral,
          minivault_16
Depths:5: grunt_bruiser_brothers, layout_cave_pools, hangedman_coc_ice_floe,
          grunt_decor_mini_mirrors, uniq_enchantress
Hell
Dis:1:    layout_jigsaw
Dis:2:    hangedman_iron_city_apartments
Dis:3:    layout_regular_city, door_vault
Dis:4:    layout_overlapping_boxes, hangedman_dis_chains
Dis:5:    layout_gridville
Dis:6:    layout_gridville
Dis:7:    dis_grunt_layers
Coc:1:    layout_cocytus_delve
Coc:2:    layout_cocytus_water_paths
Coc:3:    layout_cocytus_delve
Coc:4:    layout_cocytus_delve
Coc:5:    layout_cocytus_water_paths
Coc:6:    layout_cocytus_delve
Coc:7:    coc_dpeg

Skill      XL: |  1  2  3  4  5  6  7  8  9 10 11 12 13 14 15 16 17 18 19 20 21 22 23 24 25 26 27 |
---------------+----------------------------------------------------------------------------------+-----
Fighting       | 1 2 3 5 6 8 10 11 12 13 15 16 19 20 25 | 25.5
Spellcasting   | 3 4 5 6 8 9 11 12 13 14 15 16 17 18 19 20 25 | 25.8
Shields        | 1 2 3 4 7 10 13 15 17 25 | 25.0
Dodging        | 3 6 8 9 11 14 16 18 21 | 21.8
Evocations     | 7 10 12 14 15 16 | 16.2
Staves         | 7 9 11 12 | 12.0
Long Blades    | 14 | 14.0
Invocations    | 27 | 27.0
Stealth        | |  1.6

Action                   |  1- 3 |  4- 6 |  7- 9 | 10-12 | 13-15 | 16-18 | 19-21 | 22-24 | 25-27 || total
-------------------------+-------+-------+-------+-------+-------+-------+-------+-------+-------++-------
Melee: Unarmed           |       |     1 |       |       |       |       |       |       |       ||     1
       Staff             |       |       |       |       |    65 |   129 |   476 |   608 |   562 ||  1840
       Eudemon blade     |       |       |       |       |       |       |       |       |    83 ||    83
 Cast: Foxfire           |    36 |    17 |    18 |   153 |    32 |       |       |       |       ||   256
       Scorch            |    28 |    64 |    98 |    95 |   149 |     4 |       |       |       ||   438
       Inner Flame       |       |       |    12 |    49 |    46 |     7 |       |       |       ||   114
       Swiftness         |       |       |     2 |       |       |       |       |       |       ||     2
       Conjure Flame     |       |       |     1 |       |       |       |       |       |       ||     1
       Flame Wave        |       |       |       |    24 |    82 |     4 |       |       |       ||   110
       Summon Mana Viper |       |       |       |       |    16 |    16 |    16 |     2 |       ||    50
       Starburst         |       |       |       |       |   158 |   443 |   285 |   419 |   309 ||  1614
       Eringya's Noxious |       |       |       |       |       |    10 |       |       |       ||    10
       Malign Gateway    |       |       |       |       |       |       |    17 |     6 |    17 ||    40
       Silence           |       |       |       |       |       |       |     4 |       |     1 ||     5
       Haunt             |       |       |       |       |       |       |       |    14 |    83 ||    97
       Disjunction       |       |       |       |       |       |       |       |       |     1 ||     1
       Shatter           |       |       |       |       |       |       |       |       |  1941 ||  1941
Evoke: Wand              |       |       |       |       |     1 |       |       |       |       ||     1
       Condenser vane    |       |       |       |       |       |       |     1 |       |     1 ||     2
  Use: Scroll            |     4 |     1 |     3 |     6 |    12 |    12 |    11 |     4 |    29 ||    82
       Potion            |       |       |       |       |       |       |     5 |       |    27 ||    32
 Stab: Distracted        |       |       |       |       |     1 |     2 |     2 |     1 |     6 ||    12
Armor: Robe              |     2 |    14 |    14 |    11 |    37 |       |    44 |   193 |   252 ||   567
       Troll leather arm |       |       |       |       |    15 |   115 |    91 |       |       ||   221
       Skin              |       |       |       |       |       |       |       |       |     2 ||     2
Dodge: Dodged            |     4 |    25 |    25 |    57 |   329 |   198 |   259 |   311 |   522 ||  1730
Block: Buckler           |       |     6 |     9 |     9 |   105 |    23 |       |       |       ||   152
       Kite shield       |       |       |       |       |       |   214 |   402 |   595 |   909 ||  2120

Table legend: (Time is in decaauts)
 A = Elapsed time spent in this place.
 B = Non-inter-level travel time spent in this place.
 C = Inter-level travel time spent in this place.
 D = Time resting spent in this place.
 E = Time spent auto-exploring this place.
 F = Levels seen in this place.
 G = Mean time per level.
                   A        B        C        D        E       F      G
               +--------+--------+--------+--------+--------+-----+--------+
         Total |  56626 |  49742 |   6884 |   2097 |  31886 | 105 |  539.3 |
       Dungeon |  19195 |  16076 |   3119 |   1265 |  12825 |  15 | 1279.7 |
        Temple |     70 |     60 |     10 |      0 |     46 |   1 |   70.0 |
          Lair |   7300 |   6474 |    826 |    116 |   5077 |   6 | 1216.7 |
        Shoals |   1190 |   1028 |    162 |      0 |    579 |   4 |  297.5 |
     Snake Pit |   3728 |   3397 |    331 |     34 |   2337 |   4 |  932.0 |
    Slime Pits |    352 |    303 |     49 |      0 |     10 |   5 |   70.4 |
  Orcish Mines |   2500 |   1980 |    520 |      0 |   1452 |   2 | 1250.0 |
   Elven Halls |   2686 |   2532 |    154 |     90 |   1544 |   3 |  895.3 |
        Vaults |   6156 |   5495 |    661 |     74 |   3899 |   5 | 1231.2 |
         Crypt |   3100 |   2768 |    332 |     41 |   1845 |   3 | 1033.3 |
          Tomb |   1301 |   1230 |     71 |    109 |    291 |   3 |  433.7 |
        Depths |   2127 |   1522 |    605 |     62 |    622 |   5 |  425.4 |
          Hell |    352 |    312 |     40 |     29 |     35 |   1 |  352.0 |
           Dis |    461 |    461 |      0 |     35 |      5 |   7 |   65.9 |
       Cocytus |    878 |    878 |      0 |     95 |      0 |   7 |  125.4 |
         Abyss |    775 |    775 |      0 |      0 |    191 |   5 |  155.0 |
   Pandemonium |   2990 |   2990 |      0 |    118 |    715 |  24 |  124.6 |
        Bazaar |    181 |    181 |      0 |      0 |     91 |   2 |   90.5 |
        Wizlab |    317 |    317 |      0 |      0 |      1 |   1 |  317.0 |
    Desolation |    496 |    496 |      0 |     27 |     59 |   1 |  496.0 |
      Gauntlet |    464 |    464 |      0 |      0 |    260 |   1 |  464.0 |
               +--------+--------+--------+--------+--------+-----+--------+

Top non-repeatable levels by time:
     D:6: 2275 daAuts
     D:4: 2075 daAuts
   Orc:2: 1799 daAuts
  Lair:6: 1719 daAuts
 Crypt:3: 1620 daAuts
     D:9: 1618 daAuts
     D:1: 1556 daAuts
     D:8: 1439 daAuts
  Lair:1: 1343 daAuts
Vaults:4: 1334 daAuts
    D:15: 1312 daAuts
Vaults:5: 1258 daAuts
  Lair:3: 1252 daAuts
Vaults:2: 1231 daAuts
Vaults:3: 1227 daAuts
